| TOP OF THE 1ST |
|
Chicago Cubs batting - Pitching for Montreal Expos : LHP Frank Riccelli
|
|
Pitching: LHP Frank Riccelli
|
|
|
Batting: RHB Gary Ward
|
0-0: Called Strike 0-1: Ball 1-1: Ball 2-1: Ball 3-1: Base on Balls
|
|
Batting: RHB Randy Ready
|
0-0: Foul Ball, location: 2F 0-1: Called Strike 0-2: Ball 1-2: Ball 2-2: Ball 3-2: Fly out, F8 (Flyball, 8LS, EV 80.6 MPH)
|
|
Batting: RHB Lonnie Smith
|
0-0: Ball 1-0: Ball 2-0: Called Strike 2-1: Foul Ball, location: 2F 2-2: Ball 3-2: Strikes out swinging Gary Ward is caught stealing 2nd base 2-4 Batter strikes out.
|
| Top of the 1st over - 0 runs, 0 hits, 0 errors, 0 left on base; Chicago 0 - Montreal 0 |
| BOTTOM OF THE 1ST |
|
Montreal Expos batting - Pitching for Chicago Cubs : LHP Adrian Wolf
|
|
Pitching: LHP Adrian Wolf
|
|
|
Batting: LHB Duane Walker
|
0-0: Swinging Strike 0-1: Fly out, F8 (Flyball, 8LD, EV 97.5 MPH)
|
|
Batting: SHB Garry Templeton
|
0-0: Ball 1-0: Bunt for hit to 15S - play at first, batter OUT! 1-3
|
|
Batting: LHB Kirk Gibson
|
0-0: Ball 1-0: Called Strike 1-1: Foul Ball, location: 2F 1-2: Ball 2-2: Foul Ball, location: 2F 2-2: Foul Ball, location: 2F 2-2: Foul Ball, location: 2F 2-2: Ball 3-2: Base on Balls
|
|
Batting: RHB Dave Winfield
|
0-0: Ball Kirk Gibson is caught stealing 2nd base 2-4
|
| Bottom of the 1st over - 0 runs, 0 hits, 0 errors, 0 left on base; Chicago 0 - Montreal 0 |
| TOP OF THE 2ND |
|
Chicago Cubs batting - Pitching for Montreal Expos : LHP Frank Riccelli
|
|
Batting: RHB Jim Rice
|
0-0: Called Strike 0-1: Ball 1-1: Ground out 4-3 (Groundball, 4, EV 90.6 MPH)
|
|
Batting: RHB Marty Castillo
|
0-0: Called Strike 0-1: Ball 1-1: Ball 2-1: Swinging Strike 2-2: Strikes out looking
|
|
Batting: RHB Fran Mullins
|
0-0: Ball 1-0: Ground out 5-3 (Groundball, 56S, EV 90.0 MPH)
|
| Top of the 2nd over - 0 runs, 0 hits, 0 errors, 0 left on base; Chicago 0 - Montreal 0 |
| BOTTOM OF THE 2ND |
|
Montreal Expos batting - Pitching for Chicago Cubs : LHP Adrian Wolf
|
|
Batting: RHB Dave Winfield
|
0-0: Called Strike 0-1: Foul Ball, location: 2F 0-2: Foul Ball, location: 2F 0-2: Ball 1-2: Foul Ball, location: 2F 1-2: Ball 2-2: Ground out 5-3 (Groundball, 56, EV 106.3 MPH)
|
|
Batting: LHB Gene Krug
|
0-0: SINGLE (Groundball, 4MD, EV 98.1 MPH)
|
|
Batting: LHB Timnothy Meyer
|
0-0: Swinging Strike 0-1: Swinging Strike 0-2: Fielders Choice at 2nd, 4-6 (Groundball, 4M, EV 83.8 MPH)
|
|
Batting: LHB Ernesto Quevedo
|
0-0: Called Strike 0-1: Ball 1-1: Ball 2-1: Ball 3-1: Swinging Strike 3-2: Base on Balls Timnothy Meyer to second
|
|
Batting: LHB Orlando Sanchez
|
0-0: Ball 1-0: Ball 2-0: Called Strike 2-1: Foul Ball, location: 2F 2-2: Ground out 3-1 (Groundball, 34, EV 91.9 MPH)
|
| Bottom of the 2nd over - 0 runs, 1 hit, 0 errors, 2 left on base; Chicago 0 - Montreal 0 |
| TOP OF THE 3RD |
|
Chicago Cubs batting - Pitching for Montreal Expos : LHP Frank Riccelli
|
|
Batting: LHB Gerald Perry
|
0-0: Called Strike 0-1: Ball 1-1: Ball 2-1: Called Strike 2-2: Strikes out swinging
|
|
Batting: RHB Bob Brenly
|
0-0: Called Strike 0-1: Called Strike 0-2: Ball 1-2: Ball 2-2: SOLO HOME RUN (Flyball, 7D, EV 90.6 MPH), Distance : 383 ft
|
|
Batting: LHB Adrian Wolf
|
0-0: Ground out 3-1 (Groundball, 34S, EV 69.4 MPH)
|
|
Batting: RHB Gary Ward
|
0-0: Ball 1-0: Called Strike 1-1: Ball 2-1: Called Strike 2-2: Ball 3-2: Base on Balls
|
|
Batting: RHB Randy Ready
|
0-0: Foul Ball, location: 2F 0-1: Called Strike Gary Ward is caught stealing 2nd base 2-4
|
| Top of the 3rd over - 1 run, 1 hit, 0 errors, 0 left on base; Chicago 1 - Montreal 0 |
| BOTTOM OF THE 3RD |
|
Montreal Expos batting - Pitching for Chicago Cubs : LHP Adrian Wolf
|
|
Batting: LHB Frank Riccelli
|
0-0: Called Strike 0-1: Called Strike 0-2: Ball 1-2: Ball 2-2: Strikes out swinging
|
|
Batting: LHB Duane Walker
|
0-0: Foul Ball, location: 2F 0-1: Called Strike 0-2: Ball 1-2: Ball 2-2: Strikes out swinging, 2-3 out at first.
|
|
Batting: SHB Garry Templeton
|
0-0: Ball 1-0: Called Strike 1-1: Ball 2-1: Ball 3-1: Foul Ball, location: 2F 3-2: Strikes out looking
|
| Bottom of the 3rd over - 0 runs, 0 hits, 0 errors, 0 left on base; Chicago 1 - Montreal 0 |
| TOP OF THE 4TH |
|
Chicago Cubs batting - Pitching for Montreal Expos : LHP Frank Riccelli
|
|
Batting: RHB Randy Ready
|
0-0: Ball 1-0: Called Strike 1-1: Ball 2-1: Foul Ball, location: 2F 2-2: Ball 3-2: Foul Ball, location: 2F 3-2: Base on Balls
|
|
Batting: RHB Lonnie Smith
|
0-0: Called Strike 0-1: Foul Ball, location: 2F 0-2: Fly out, F7 (Flyball, 78D, EV 100.6 MPH)
|
|
Batting: RHB Jim Rice
|
0-0: DOUBLE (Flyball, 78D, EV 98.8 MPH) Randy Ready to third Runner from 3rd tries for Home, SAFE, no throw by CF
|
|
Batting: RHB Marty Castillo
|
0-0: Called Strike 0-1: Foul Ball, location: 2F 0-2: Foul Ball, location: 2F 0-2: Foul Ball, location: 2F 0-2: Foul Ball, location: 2F 0-2: Ground out 5-3 (Groundball, 56, EV 95.6 MPH)
|
|
Batting: RHB Fran Mullins
|
0-0: Ball 1-0: Called Strike 1-1: Foul Ball, location: 2F 1-2: Ball 2-2: Strikes out swinging
|
| Top of the 4th over - 1 run, 1 hit, 0 errors, 1 left on base; Chicago 2 - Montreal 0 |
| BOTTOM OF THE 4TH |
|
Montreal Expos batting - Pitching for Chicago Cubs : LHP Adrian Wolf
|
|
Batting: LHB Kirk Gibson
|
0-0: Foul Ball, location: 2F 0-1: Swinging Strike 0-2: Foul Ball, location: 2F 0-2: Strikes out swinging
|
|
Batting: RHB Dave Winfield
|
0-0: Ball 1-0: Called Strike 1-1: Ball 2-1: Ball 3-1: Foul Ball, location: 2F 3-2: Foul Ball, location: 2F 3-2: Base on Balls
|
|
Batting: LHB Gene Krug
|
0-0: Called Strike 0-1: Swinging Strike 0-2: Strikes out swinging
|
|
Batting: LHB Timnothy Meyer
|
0-0: Ball 1-0: Foul Ball, location: 2F 1-1: Ball 2-1: Called Strike 2-2: Strikes out swinging
|
| Bottom of the 4th over - 0 runs, 0 hits, 0 errors, 1 left on base; Chicago 2 - Montreal 0 |
| TOP OF THE 5TH |
|
Chicago Cubs batting - Pitching for Montreal Expos : LHP Frank Riccelli
|
|
Batting: LHB Gerald Perry
|
0-0: SINGLE (Line Drive, 8LS, EV 99.4 MPH)
|
|
Batting: RHB Bob Brenly
|
0-0: Ball 1-0: Ground out 6-3 (Groundball, 6D, EV 103.8 MPH) Gerald Perry to second
|
|
Batting: LHB Adrian Wolf
|
0-0: Ball 1-0: SINGLE (Groundball, 4D, EV 102.5 MPH) Gerald Perry to third Runner from 3rd tries for Home, SAFE, throw by CF to home
|
|
Batting: RHB Gary Ward
|
0-0: Ball 1-0: Ball 2-0: Ball 3-0: Base on Balls Adrian Wolf to second
|
|
Batting: RHB Randy Ready
|
0-0: Ball 1-0: SINGLE (Flyball, 8LS, EV 100.0 MPH) Adrian Wolf to third Gary Ward to second Runner from 3rd tries for Home, SAFE, throw by CF to home
|
|
Batting: RHB Lonnie Smith
|
0-0: Ball 1-0: Swinging Strike 1-1: Foul Ball, location: 2F 1-2: Strikes out swinging
|
|
Batting: RHB Jim Rice
|
0-0: Fielders Choice at 2nd, 6-4 (Groundball, 6, EV 82.5 MPH)
|
| Top of the 5th over - 2 runs, 3 hits, 0 errors, 2 left on base; Chicago 4 - Montreal 0 |
| BOTTOM OF THE 5TH |
|
Montreal Expos batting - Pitching for Chicago Cubs : LHP Adrian Wolf
|
|
Batting: LHB Ernesto Quevedo
|
0-0: Ball 1-0: Ball 2-0: Ball 3-0: Base on Balls
|
|
Batting: LHB Orlando Sanchez
|
0-0: SINGLE (Groundball, 6S, EV 69.4 MPH) (infield hit) Ernesto Quevedo to second
|
|
Batting: LHB Frank Riccelli
|
0-0: Bunted foul 0-1: Reached on error, E1 (Groundball, 13S, EV 43.8 MPH) Ernesto Quevedo scores Orlando Sanchez to third
|
|
Batting: LHB Duane Walker
|
0-0: Ball 1-0: Foul Ball, location: 2F 1-1: Foul Ball, location: 2F 1-2: Ground out 4-3 (Groundball, 4, EV 78.1 MPH) Orlando Sanchez scores Frank Riccelli to third
|
|
Batting: SHB Garry Templeton
|
0-0: SINGLE (Groundball, 6D, EV 109.4 MPH) Frank Riccelli scores
|
|
Batting: LHB Kirk Gibson
|
0-0: Ball 1-0: Fly out, F8 (Flyball, 8RD, EV 90.6 MPH)
|
|
Batting: RHB Dave Winfield
|
0-0: Ball 1-0: Fly out, F5 (Flyball, 5D, EV 91.9 MPH)
|
| Bottom of the 5th over - 3 runs, 2 hits, 1 error, 1 left on base; Chicago 4 - Montreal 3 |
| TOP OF THE 6TH |
|
Chicago Cubs batting - Pitching for Montreal Expos : LHP Frank Riccelli
|
|
Batting: RHB Marty Castillo
|
0-0: Ball 1-0: Called Strike 1-1: Ball 2-1: Foul Ball, location: 2F 2-2: SOLO HOME RUN (Flyball, 7LD, EV 102.5 MPH), Distance : 342 ft
|
|
Batting: RHB Fran Mullins
|
0-0: DOUBLE (Line Drive, 3D, EV 95.0 MPH)
|
|
Batting: LHB Gerald Perry
|
0-0: Ball 1-0: SINGLE (Line Drive, 8RS, EV 103.8 MPH) Fran Mullins to third Runner from 3rd tries for Home, SAFE, throw by CF to home
|
|
Pitching: RHP Anthony Dumaw
|
|
|
Batting: RHB Bob Brenly
|
0-0: Foul Ball, location: 2F 0-1: Called Strike 0-2: SINGLE (Groundball, 4D, EV 100.0 MPH) Gerald Perry to second Runner from 2nd tries for 3rd, SAFE, throw by RF made to third
|
|
Batting: LHB Adrian Wolf
|
0-0: Sac Bunt to 23 - play at second, runner OUT! 3-6
|
|
Batting: RHB Gary Ward
|
0-0: Foul Ball, location: 2F 0-1: Fly out, F8 (Flyball, 8RD, EV 95.0 MPH) Runner from 3rd tags up, SCORES, no throw by CF
|
|
Batting: RHB Randy Ready
|
0-0: Called Strike 0-1: Fielders Choice at 2nd, 5-4 (Groundball, 5, EV 101.9 MPH)
|
| Top of the 6th over - 3 runs, 4 hits, 0 errors, 1 left on base; Chicago 7 - Montreal 3 |
| BOTTOM OF THE 6TH |
|
Montreal Expos batting - Pitching for Chicago Cubs : LHP Adrian Wolf
|
|
Batting: LHB Gene Krug
|
0-0: Foul Ball, location: 2F 0-1: SINGLE (Line Drive, 89S, EV 106.3 MPH)
|
|
Batting: LHB Timnothy Meyer
|
0-0: Ball 1-0: Called Strike 1-1: Fly out, F7 (Flyball, 7LD, EV 85.6 MPH) Runner from 1st tags up, SAFE at 2nd
|
|
Batting: LHB Ernesto Quevedo
|
Balk! Gene Krug to third 0-0: Called Strike 0-1: Ground out 6-3 (Groundball, 6M, EV 98.8 MPH) Gene Krug scores
|
|
Batting: LHB Orlando Sanchez
|
0-0: Reached on error, E7 (Flyball, 78M, EV 88.1 MPH)
|
|
Pinch Hitting: RHB Luis Sanchez
|
0-0: Ball 1-0: Ball 2-0: Ball 3-0: Base on Balls
|
|
Batting: LHB Duane Walker
|
0-0: Called Strike 0-1: Foul Ball, location: 2F 0-2: Foul Ball, location: 2F 0-2: Strikes out looking
|
| Bottom of the 6th over - 1 run, 1 hit, 1 error, 2 left on base; Chicago 7 - Montreal 4 |
| TOP OF THE 7TH |
|
Chicago Cubs batting - Pitching for Montreal Expos : RHP Anthony Dumaw
|
|
Pitching: RHP Terry Leach
|
|
|
Batting: RHB Lonnie Smith
|
0-0: Ball 1-0: Ball 2-0: Called Strike 2-1: Called Strike 2-2: Fly out, F2 (Popup, 2LF, EV 86.3 MPH)
|
|
Batting: RHB Jim Rice
|
0-0: Ball 1-0: Ground out 5-3 (Groundball, 5L, EV 80.6 MPH)
|
|
Batting: RHB Marty Castillo
|
0-0: Called Strike 0-1: Ball 1-1: Fly out, F6 (Flyball, 56D, EV 88.1 MPH)
|
| Top of the 7th over - 0 runs, 0 hits, 0 errors, 0 left on base; Chicago 7 - Montreal 4 |
| BOTTOM OF THE 7TH |
|
Montreal Expos batting - Pitching for Chicago Cubs : LHP Adrian Wolf
|
|
Batting: SHB Garry Templeton
|
0-0: Foul Ball, location: 2F 0-1: Called Strike 0-2: Foul Ball, location: 2F 0-2: Ball 1-2: Strikes out swinging
|
|
Batting: LHB Kirk Gibson
|
0-0: Ball 1-0: Foul Ball, location: 2F 1-1: Foul Ball, location: 2F 1-2: Fly out, F7 (Flyball, 78M, EV 91.3 MPH)
|
|
Batting: RHB Dave Winfield
|
0-0: Called Strike 0-1: Called Strike 0-2: Ball 1-2: Ball 2-2: Foul Ball, location: 2F 2-2: Foul Ball, location: 2F 2-2: Ball 3-2: Fly out, F7 (Flyball, 7D, EV 82.5 MPH)
|
| Bottom of the 7th over - 0 runs, 0 hits, 0 errors, 0 left on base; Chicago 7 - Montreal 4 |
| TOP OF THE 8TH |
|
Chicago Cubs batting - Pitching for Montreal Expos : RHP Terry Leach
|
|
Batting: RHB Fran Mullins
|
0-0: Ball 1-0: Ball 2-0: Fly out, F8 (Flyball, 89D, EV 98.8 MPH)
|
|
Batting: LHB Gerald Perry
|
0-0: Ground out 3-1 (Groundball, 34S, EV 86.3 MPH)
|
|
Batting: RHB Bob Brenly
|
0-0: Called Strike 0-1: Ball 1-1: Ball 2-1: Foul Ball, location: 2F 2-2: Ball 3-2: Foul Ball, location: 2F 3-2: Strikes out swinging
|
| Top of the 8th over - 0 runs, 0 hits, 0 errors, 0 left on base; Chicago 7 - Montreal 4 |
| BOTTOM OF THE 8TH |
|
Montreal Expos batting - Pitching for Chicago Cubs : LHP Adrian Wolf
|
|
Pitching: RHP Tom Niedenfuer
|
|
|
Batting: LHB Gene Krug
|
0-0: Ball 1-0: Foul Ball, location: 2F 1-1: Fly out, F9 (Flyball, 89S, EV 88.8 MPH)
|
|
Batting: LHB Timnothy Meyer
|
0-0: Foul Ball, location: 2F 0-1: Ball 1-1: SINGLE (Flyball, 6MD, EV 90.0 MPH)
|
|
Batting: LHB Ernesto Quevedo
|
0-0: Ball 1-0: Ball 2-0: Swinging Strike 2-1: Foul Ball, location: 2F 2-2: Ball 3-2: Base on Balls Timnothy Meyer to second
|
|
Batting: LHB Orlando Sanchez
|
0-0: Swinging Strike 0-1: Ball 1-1: Swinging Strike 1-2: Foul Ball, location: 2F 1-2: Ball 2-2: Fly out, F8 (Flyball, 8LM, EV 78.1 MPH)
|
|
Pinch Hitting: LHB Guonçalo Fernandes
|
0-0: Ball 1-0: Ball 2-0: Ball 3-0: Called Strike 3-1: Base on Balls Timnothy Meyer to third Ernesto Quevedo to second
|
|
Pitching: LHP Dave Dravecky
|
|
|
Batting: LHB Duane Walker
|
0-0: Ball 1-0: Foul Ball, location: 2F 1-1: Ball 2-1: Foul Ball, location: 2F 2-2: Ball 3-2: Fly out, F7 (Flyball, 7S, EV 77.5 MPH)
|
| Bottom of the 8th over - 0 runs, 1 hit, 0 errors, 3 left on base; Chicago 7 - Montreal 4 |
| TOP OF THE 9TH |
|
Chicago Cubs batting - Pitching for Montreal Expos : RHP Terry Leach
|
|
Pitching: LHP Roy Scott
|
|
|
Pinch Hitting: LHB Dave Bergman
|
0-0: Called Strike 0-1: Foul Ball, location: 2F 0-2: Strikes out looking
|
|
Batting: RHB Gary Ward
|
0-0: Ball 1-0: Fly out, F9 (Flyball, 9, EV 82.5 MPH)
|
|
Batting: RHB Randy Ready
|
0-0: Ball 1-0: Ball 2-0: Ground out 3-1 (Groundball, 34S, EV 84.4 MPH)
|
| Top of the 9th over - 0 runs, 0 hits, 0 errors, 0 left on base; Chicago 7 - Montreal 4 |
| BOTTOM OF THE 9TH |
|
Montreal Expos batting - Pitching for Chicago Cubs : LHP Dave Dravecky
|
|
Pitching: RHP George Durham
|
|
|
Batting: SHB Garry Templeton
|
0-0: Ball 1-0: Foul Ball, location: 2F 1-1: Ball 2-1: Ball 3-1: Foul Ball, location: 2F 3-2: Base on Balls
|
|
Batting: LHB Kirk Gibson
|
0-0: Ball 1-0: Ball 2-0: Fly out, F8 (Flyball, 8RS, EV 88.1 MPH)
|
|
Batting: RHB Dave Winfield
|
0-0: Ball 1-0: Ball 2-0: Called Strike 2-1: SINGLE (Flyball, 6D, EV 86.9 MPH) Garry Templeton to second
|
|
Batting: LHB Gene Krug
|
0-0: Swinging Strike 0-1: Ball 1-1: Fielders Choice at 2nd, 3-6 (Groundball, 34S, EV 78.8 MPH) Garry Templeton to third
|
|
Batting: LHB Timnothy Meyer
|
0-0: Ball 1-0: Foul Ball, location: 2F 1-1: Called Strike 1-2: Foul Ball, location: 2F 1-2: Ball 2-2: Strikes out swinging
|
| Bottom of the 9th over - 0 runs, 1 hit, 0 errors, 2 left on base; Chicago 7 - Montreal 4 |
|